 Dungeon Crawl Stone Soup version 0.21.1-1-g345015fe64 (webtiles) character file.

95 Kohma the Ducker (level 4, 0/23 HPs)
             Began as a Spriggan Warper on June 9, 2018.
             Slain by Natasha (4 damage)
             ... on level 3 of the Dungeon.
             The game lasted 00:14:44 (3754 turns).

Kohma the Ducker (Spriggan Warper)                  Turns: 3754, Time: 00:14:45

Health: 0/23       AC:  3    Str:  7    XL:     4   Next: 39%
Magic:  6/9        EV: 21    Int: 14    God:
Gold:   68         SH:  0    Dex: 21    Spells: 4/8 levels left

rFire    + . .     SeeInvis +   l - -3 short sword (curse)
rCold    + . .     Gourm    .   (shield restricted)
rNeg     . . .     Faith    .   b - +1 robe
rPois    .         Spirit   .   (helmet restricted)
rElec    .         Reflect  .   g - scarf {rC+ rF+}
rCorr    .         Harm     .   (gloves unavailable)
MR       .....                  (boots unavailable)
Stlth    ++........             (no amulet)
HPRegen  0.07/turn              j - +5 ring of dexterity
MPRegen  0.11/turn              (no ring)

@: very slightly contaminated, very quick
A: very small, unfitting armour, see invisible, herbivore, speed 3, slow
metabolism 2
a: no special abilities


You were on level 3 of the Dungeon.
You were not hungry.

You visited 1 branch of the dungeon, and saw 4 of its levels.

You collected 68 gold pieces.

Inventory:

Hand Weapons
 a - a +0 short sword
 l - a cursed -3 short sword (weapon)
Missiles
 e - 5 tomahawks of dispersal (quivered)
Armour
 b - a +1 robe (worn)
 g - a scarf of resistance (worn)
Jewellery
 j - a +5 ring of dexterity (left hand)
Scrolls
 d - a scroll of blinking
 i - a scroll of identify
Books
 c - a book of Spatial Translocations

   Spells                             Type                      Level
   a - Blink                          Translocation                2
   b - Shroud of Golubria             Charms/Translocation         2
   c - Lesser Beckoning               Translocation                3
   d - Gell's Gravitas                Translocation                3
   e - Teleport Other                 Translocation                3
   f - Passage of Golubria            Translocation                4
Comestibles
 f - 5 rations


   Skills:
 - Level 1.7 Fighting
 * Level 3.3 Short Blades
 + Level 1.9 Throwing
 * Level 5.1 Dodging
 + Level 1.9 Stealth
 - Level 2.6 Spellcasting
 - Level 4.4 Translocations


You had 4 spell levels left.
You knew the following spells:

 Your Spells              Type           Power        Failure   Level  Hunger
a - Blink                 Tloc           N/A          5%          2    ###....
b - Shroud of Golubria    Chrm/Tloc      #.........   14%         2    ###....


Dungeon Overview and Level Annotations

Branches:
Dungeon (4/15)
 Temple: D:4-7

Altars:

Annotations:
D:3 1 runed door, Artool's ghost, amateur DsBe; Ijyb; Natasha; Robin


Innate Abilities, Weirdness & Mutations

You are very small and have problems with some larger weapons.
You are too small for most types of armour.
You have supernaturally acute eyesight. (SInv)
You are a herbivore.
You cover ground extremely quickly.
You need consume almost no food.


Message History

Natasha claws you.
You closely miss Natasha.
Natasha is heavily wounded.
You hit Natasha but do no damage.
Natasha is heavily wounded.
Natasha closely misses you.
Casting: Shroud of Golubria
Confirm with . or Enter, or press ? or * to list all spells.
You miscast Shroud of Golubria.
You are very lightly contaminated with residual magic.
Nothing appears to happen.
Natasha casts a spell at you. The magic dart hits you!
* * * LOW HITPOINT WARNING * * *
A hobgoblin comes into view. It is wielding a club.
You hit Natasha but do no damage.
Natasha is heavily wounded.
The hobgoblin no longer looks unusually strong.
Natasha claws you.
You die...

#+# #.# #.# ##.##
##...##
#.....#######g#
##...##..g.ggg#
..#####.###g#.#
#........@hgg#
..#####.###g## #.# .##
#.# # #.# ###### #.#
##....## ### #.#
#......####.+ ### #.#
#.......#..##
##.###.####.#....#.###


You could see Robin, Natasha, 3 hobgoblins and a goblin.

Vanquished Creatures
  Terence (D:2)
  An ooze (D:2)
  3 dart slugs
  4 leopard geckos
  6 bats
  7 goblins
  9 hobgoblins
  4 jackals (D:1)
  2 quokkas (D:3)
  2 frilled lizards
  6 kobolds
  4 rats
49 creatures vanquished.

Notes
Turn   | Place    | Note
-------+----------+-------------------------------------------
     0 | D:1      | Kohma the Spriggan Warper began the quest for the Orb.
     0 | D:1      | Reached XP level 1. HP: 10/10 MP: 5/5
   198 | D:1      | Reached skill level 4 in Dodging
   198 | D:1      | Reached XP level 2. HP: 13/15 MP: 6/6
   430 | D:1      | Learned a level 2 spell: Blink
   433 | D:1      | Learned a level 2 spell: Shroud of Golubria
   542 | D:3      | Noticed Robin
  1152 | D:1      | Reached XP level 3. HP: 18/18 MP: 8/8
  1176 | D:1      | Reached skill level 1 in Stealth
  2345 | D:2      | Noticed Terence
  2407 | D:2      | Killed Terence
  2407 | D:2      | Reached XP level 4. HP: 21/23 MP: 6/9
  2413 | D:2      | Reached skill level 5 in Dodging
  3128 | D:3      | Found a runed door.
  3538 | D:3      | Noticed Artool's ghost (amateur DsBe)
  3574 | D:3      | Noticed Ijyb
  3734 | D:3      | Noticed Natasha
  3754 | D:3      | Slain by Natasha

Skill      XL: |  1  2  3  4 |
---------------+-------------+-----
Dodging        | 4 5 |  5.1
Stealth        | 1 |  1.9
Short Blades   | 3 |  3.3
Fighting       | |  1.7
Throwing       | |  1.9
Spellcasting   | |  2.6
Translocations | |  4.4

Action                   |  1- 3 |  4- 6 || total
-------------------------+-------+-------++-------
Melee: Short sword       |   233 |   118 ||   351
 Cast: Blink             |     3 |     1 ||     4
       Shroud of Golubri |     6 |     3 ||     9
  Use: Scroll            |       |     5 ||     5
 Stab: Sleeping          |       |     1 ||     1
  Eat: Ration            |       |     1 ||     1
Armor: Robe              |    15 |     7 ||    22
Dodge: Dodged            |   217 |   100 ||   317
